 Dungeon Crawl Stone Soup version 0.23.2-30-g0e89c35649 (webtiles) character file.

Game seed: 7966837804966566251

175 ClassyCatman the Covered (level 5, -5/47 HPs)
             Began as a Minotaur Fighter on June 17, 2019.
             Slain by Grinder (8 damage)
             ... while paralysed by Grinder
             ... on level 2 of the Dungeon.
             The game lasted 00:07:35 (2157 turns).

ClassyCatman the Covered (Minotaur Fighter)         Turns: 2157, Time: 00:07:36

Health: -5/47      AC:  9    Str: 21    XL:     5   Next: 29%
Magic:  4/4        EV:  2    Int:  5    God:
Gold:   64         SH:  0    Dex: 10    Spells: 4/4 levels left

rFire    . . .     SeeInvis .   a - +0 war axe
rCold    . . .     Gourm    .   c - +0 shield
rNeg     . . .     Faith    .   s - +0 chain mail
rPois    .         Spirit   .   (helmet restricted)
rElec    .         Reflect  .   (no cloak)
rCorr    .         Harm     .   (no gloves)
MR       .....                  (no boots)
Stlth    ..........             (no amulet)
HPRegen  0.15/turn              (no ring)
MPRegen  0.09/turn              (no ring)

@: paralysed
A: retaliatory headbutt, horns 2
a: no special abilities


You were on level 2 of the Dungeon.
You were not hungry.

You visited 1 branch of the dungeon, and saw 3 of its levels.

You collected 64 gold pieces.

Inventory:

Hand Weapons
 a - a +0 war axe (weapon)
 i - a +0 spear
Missiles
 t - 3 tomahawks (quivered)
Armour
 c - a +0 shield (worn)
 o - a +2 pair of boots
 s - a +0 chain mail (worn)
Wands
 l - a wand of clouds (7)
Scrolls
 j - a scroll of teleportation
 q - a scroll of enchant armour {unknown}
 r - a scroll of fear {unknown}
Potions
 d - 2 potions of might
 k - a potion of agility {unknown}
 m - a potion of lignification {unknown}
 n - a potion of haste {unknown}
Comestibles
 b - 2 chunks of flesh
 f - 2 rations


   Skills:
 + Level 4.5 Fighting
 + Level 4.3 Axes
 + Level 5.0 Armour
 + Level 4.5 Shields


You had 4 spell levels left.
You didn't know any spells.
Your spell library was empty.

Dungeon Overview and Level Annotations

Branches:
Dungeon (3/15)

Altars:
Sif Muna

Annotations:
D:2 Grinder
D:3 Robin


Innate Abilities, Weirdness & Mutations

You reflexively headbutt those who attack you in melee.
You have a pair of horns on your head.


Message History

You headbutt the goblin.
You kill the goblin!
Grinder hits you.
You writhe in agony.
* * * LOW HITPOINT WARNING * * *
You barely miss Grinder. You block Grinder's attack.
You slash Grinder!
Grinder is moderately wounded.
Grinder hits you.
* * * LOW HITPOINT WARNING * * *
You writhe in agony.
* * * LOW HITPOINT WARNING * * *
You closely miss Grinder. You headbutt Grinder!
Grinder is heavily wounded.
Grinder gestures at you.
You suddenly lose the ability to move!
Grinder barely misses you. Grinder hits you.
* * * LOW HITPOINT WARNING * * *
Grinder says, "There's only one good use for a tongue: cutting it out."
Grinder hits you!
You die...

##### ##### ### #.... #...#
#####.# #...[ #...# #.....#
#.... #...# #.###.########....
#...#########@# #...........#.
#...........#5# #.)########.#.
##...........#)# #..# #.#.
#............'.# #..# #.#.
#............#####..# #.#.
#.#'###.....†.......########.#.
#.#..........................#.
#.#>############.....######....
#.#....###### #.....# #....


You could see Grinder.

Vanquished Creatures
  Natasha (thrice) (D:2)
  2 adders (D:2)
  2 worms (D:2)
  2 dart slugs (D:1)
  4 leopard geckos (D:1)
  2 ball pythons
  4 bats (D:2)
  5 giant cockroaches
  17 goblins
  9 hobgoblins
  2 quokkas (D:2)
  2 frilled lizards (D:1)
  4 kobolds
  8 rats
66 creatures vanquished.

Vanquished Creatures (others)
  A bat (D:1)
1 creature vanquished.

Grand Total: 67 creatures vanquished

Notes
Turn   | Place    | Note
-------+----------+-------------------------------------------
     0 | D:1      | ClassyCatman the Minotaur Fighter began the quest for the
                  | Orb.
     0 | D:1      | Reached XP level 1. HP: 19/19 MP: 0/0
    97 | D:1      | Reached XP level 2. HP: 27/27 MP: 1/1
   114 | D:1      | Reached skill level 4 in Armour
   152 | D:1      | Reached XP level 3. HP: 20/33 MP: 2/2
   851 | D:2      | Noticed Natasha
   857 | D:2      | Killed Natasha
   857 | D:2      | Reached XP level 4. HP: 9/40 MP: 3/3
   941 | D:2      | Noticed Natasha
   954 | D:2      | HP: 1/40 [Natasha (5)]
   956 | D:2      | Killed Natasha
  1018 | D:2      | Noticed Natasha
  1101 | D:2      | Killed Natasha
  1542 | D:2      | Reached XP level 5. HP: 47/47 MP: 4/4
  1803 | D:2      | Found a deep blue altar of Sif Muna.
  2106 | D:3      | Noticed Robin
  2140 | D:3      | Noticed Grinder
  2141 | D:3      | Paralysed by Grinder for 5 turns
  2148 | D:2      | Reached skill level 5 in Armour
  2155 | D:2      | Paralysed by Grinder for 5 turns
  2157 | D:2      | Slain by Grinder

Skill      XL: |  1  2  3  4  5 |
---------------+----------------+-----
Fighting       | 4 |  4.5
Armour         | 4 5 |  5.0
Shields        | 4 |  4.5
Axes           | 3 4 |  4.3

Action                   |  1- 3 |  4- 6 || total
-------------------------+-------+-------++-------
Melee: War axe           |    72 |    70 ||   142
       Headbutt          |     7 |    10 ||    17
  Use: Scroll            |       |     4 ||     4
  Eat: Chunk             |       |     4 ||     4
Armor: Scale mail        |    15 |    17 ||    32
       Chain mail        |       |    30 ||    30
Dodge: Dodged            |    23 |    24 ||    47
Block: Shield            |    34 |    44 ||    78
